 Dungeon Crawl Stone Soup version 0.19-a0-1886-gd64a0f0 (webtiles) character file.

195 dobroeutro the Cudgeler (level 5, -9/32 HPs)
             Began as a Gargoyle Fighter on Oct 16, 2016.
             Was a Follower of Cheibriados.
             Killed from afar by an adder skeleton (38 damage)
             ... with an exploding inner flame
             ... hexed by the player character
             ... on level 4 of the Dungeon.
             The game lasted 00:03:10 (2164 turns).

dobroeutro the Cudgeler (Gargoyle Fighter)          Turns: 2164, Time: 00:03:11

Health: -9/32      AC: 12    Str: 23    XL:     5   Next: 74%
Magic:  5/5        EV:  7    Int: 10    God:    Cheibriados [*.....]
Gold:   98         SH: 10    Dex: 11    Spells: 0 memorised, 4 levels left

rFire  . . .     SeeInvis .     a - +1 flail
rCold  . . .     Gourm    .     b - +0 scale mail
rNeg   + . .     Faith    .     c - +1 shield
rPois  ∞         Spirit   .     (no helmet)
rElec  +         Dismiss  .     s - +0 cloak
rCorr  .         Reflect  .     (no gloves)
MR     .....     Harm     .     (no boots)
Stlth  .......... Rnd*Tele +    (no amulet)
                                (no ring)
                                l - ring of teleportation

@: very slow
A: negative energy resistance 1, electricity resistance, unbreathing,
petrification resistance, rot immunity, AC +4
a: Bend Time, Renounce Religion


You were on level 4 of the Dungeon.
You worshipped Cheibriados.
Cheibriados was aware of your devotion.
You were not hungry.

You visited 1 branch of the dungeon, and saw 4 of its levels.

You collected 98 gold pieces.

Inventory:

Hand Weapons
 a - a +1 flail (weapon)
Armour
 b - a +0 scale mail (worn)
 c - a +1 shield (worn)
 s - a +0 cloak (worn)
Jewellery
 l - a ring of teleportation (left hand)
Scrolls
 j - a scroll of remove curse
 n - a scroll of amnesia
 p - 4 scrolls of identify {unknown}
 u - a scroll of random uselessness {unknown}
 w - a scroll of noise {unknown}
Potions
 d - 2 potions of might
 e - a potion of heal wounds {unknown}
 h - 2 potions of lignification {unknown}
 k - a potion of curing {unknown}
 m - 2 potions of haste {unknown}
 q - a potion of brilliance {unknown}
 v - a potion of degeneration {unknown}
Comestibles
 f - 3 bread rations


   Skills:
 - Level 3.2 Fighting
 + Level 5.8 Maces & Flails
 - Level 3.2 Armour
 - Level 3.2 Shields


You had 4 spell levels left.
You didn't know any spells.

Dungeon Overview and Level Annotations

Branches:
Dungeon (4/15)
 Temple: D:4-7

Altars:
Cheibriados
Nemelex Xobeh
Sif Muna


Innate Abilities, Weirdness & Mutations

You are resistant to torment.
Your stone body is resilient. (AC +4)
You are immune to poison.
You resist negative energy. (rN+)
You are resistant to electric shocks. (rElec)
You can survive without breathing.
You are immune to petrification.
You are immune to rotting.


Message History

It is a scroll of amnesia.
You feel forgetful for a moment.
As you read the scroll labeled CAFASI BABE, it crumbles to dust.
It is a scroll of enchant armour.
Your +0 shield glows green for a moment.
As you read the scroll labeled TUZEIZOECE, it crumbles to dust.
The creatures around you are filled with an inner flame!
It was a scroll of immolation.
You barely miss the adder skeleton. The adder skeleton bites you.
You sock the adder skeleton!
The adder skeleton is severely damaged.
The adder skeleton barely misses you. The adder skeleton bites you.
You hit the adder skeleton.
The adder skeleton is almost destroyed.
The adder skeleton bites you but does no damage.
You hit the adder skeleton.
The adder skeleton explodes!
The fiery explosion engulfs you!
Ouch! That really hurt!
You die...

## #..
#...
.....
.....§###
......§@+
#....####
#.. #


There were no monsters in sight!

Vanquished Creatures
  A hound (D:3)
  An orc priest (D:3)
  3 gnolls (D:2)
  5 adders
  An adder zombie (D:3)
  2 dart slugs
  A leopard gecko (D:3)
  4 orcs (D:3)
  A ball python (D:3)
  2 bats (D:2)
  A goblin (D:1)
  7 hobgoblins
  6 jackals (D:2)
  8 kobolds
  3 frilled lizards
  4 rats
50 creatures vanquished.

Notes
Turn   | Place    | Note
-------+----------+-------------------------------------------
     0 | D:1      | dobroeutro the Gargoyle Fighter began the quest for the Orb.
     0 | D:1      | Reached XP level 1. HP: 14/14 MP: 1/1
   178 | D:1      | Reached XP level 2. HP: 19/19 MP: 2/2
   458 | D:1      | Reached skill level 3 in Maces & Flails
   707 | D:2      | Reached XP level 3. HP: 20/23 MP: 3/3
   859 | D:2      | Found a snail-covered altar of Cheibriados.
  1098 | D:2      | Became a worshipper of Cheibriados the Contemplative
  1108 | D:2      | Reached skill level 4 in Maces & Flails
  1129 | D:2      | Reached XP level 4. HP: 3/28 MP: 4/4
  1669 | D:3      | Reached skill level 5 in Maces & Flails
  1679 | D:3      | Reached XP level 5. HP: 31/32 MP: 5/5
  1810 | D:3      | Reached * piety under Cheibriados
  1894 | D:3      | Found a deep blue altar of Sif Muna.
  1936 | D:3      | Found a sparkling altar of Nemelex Xobeh.
  2164 | D:4      | Killed from afar by an adder skeleton

Vault maps used:
D:1:      roderic_chinese_lattice_arrival, feat_on_display
D:2:      kennysheep_slug_shrine
D:3:      nemelex_altar_shiori, first_bread, grunt_ministairs_10,
          lemuel_statue_altar
D:4:      old_standard_altar, eat_drink_and_be_merry_uskayaw,
          lightli_temple_of_fire, gup_sewer_entry_pipe

Skill      XL: |  1  2  3  4 |
---------------+-------------+-----
Maces & Flails | 3 4 5 |  5.8
Fighting       | |  3.2
Armour         | |  3.2
Shields        | |  3.2

Action                   |  1- 3 |  4- 6 || total
-------------------------+-------+-------++-------
Melee: Flail             |   128 |   115 ||   243
  Use: Scroll            |       |     6 ||     6
  Eat: Chunk             |       |     4 ||     4
Armor: Scale mail        |    62 |    65 ||   127
Dodge: Dodged            |    41 |    35 ||    76
Block: Shield            |    52 |    72 ||   124
